 Dungeon Crawl Stone Soup version 0.26-a0-812-g31a745ddcd (webtiles) character file.

Game seed: 2579530998468025896

210 MalarOregon the Firebug (level 5, -4/42 HPs)
             Began as a Draconian Fire Elementalist on Nov 30, 2020.
             Killed from afar by a white imp (7 damage)
             ... with a puff of frost
             ... on level 2 of the Dungeon.
             The game lasted 00:04:22 (2447 turns).

MalarOregon the Firebug (DrFE)                      Turns: 2447, Time: 00:04:23

Health: -4/42      AC:  5    Str: 10    XL:     5   Next: 57%
Magic:  0/9        EV: 12    Int: 17    God:
Gold:   87         SH:  0    Dex: 11    Spells: 9/10 levels left

rFire    . . .     SeeInvis .   d - +2 short sword (flame)
rCold    . . .     Faith    .   (no shield)
rNeg     . . .     Spirit   .   (armour unavailable)
rPois    .         Reflect  .   (helmet restricted)
rElec    .         Harm     .   (no cloak)
rCorr    .         Rampage  .   (no gloves)
MR       .....                  (no boots)
Stlth    ++........             (no amulet)
HPRegen  0.14/turn              (no ring)
MPRegen  0.11/turn              (no ring)

@: no status effects
A: unfitting armour, cold-blooded, AC +5
a: no special abilities


You were on level 2 of the Dungeon.
You visited 1 branch of the dungeon, and saw 2 of its levels.

You collected 87 gold pieces.

Inventory:

Hand Weapons
 d - a +2 short sword of flaming (weapon)
   (You found it on level 1 of the Dungeon)
Wands
 t - a wand of flame (18)
   (You took it off Natasha on level 2 of the Dungeon)
Scrolls
 b - a scroll of remove curse {unknown}
 e - a scroll of immolation {unknown}
 f - 3 scrolls of teleportation {unknown}
 h - a scroll of identify {unknown}
 i - 3 scrolls of enchant armour {unknown}
 j - a scroll of random uselessness {unknown}
Potions
 a - 2 potions of curing {unknown}
 c - a potion of ambrosia {unknown}
 g - a potion of resistance {unknown}


   Skills:
 + Level 2.6 Fighting
 - Level 2.0 Dodging
 - Level 1.7 Stealth
 + Level 3.1 Spellcasting
 + Level 2.9 Conjurations
 + Level 4.0 Fire Magic


You had 9 spell levels left.
You knew the following spells:

 Your Spells              Type           Power        Failure   Level
a - Foxfire               Conj/Fire      ##..         4%          1

Your spell library contained the following spells:

 Spells                   Type           Power        Failure   Level
 Conjure Flame            Conj/Fire      ##......     12%         3
 Inner Flame              Hex/Fire       #.......     22%         3
 Sticky Flame             Conj/Fire      ##......     38%         4
 Fireball                 Conj/Fire      ##........   75%         5


Dungeon Overview and Level Annotations

Branches:
Dungeon (2/15)

Altars:
Ashenzari
Ru

Annotations:
D:2 1 transporter


Innate Abilities, Weirdness & Mutations

Your plain brown scales are hard. (AC +5)
You cannot fit into any form of body armour.
You are cold-blooded and may be slowed by cold attacks.


Message History

The foxfire hits the white imp but does no damage.
The orc hits you with a +0 whip. The white imp gestures at you.
The puff of frost misses you. The puff of frost hits you!
* * * LOW HITPOINT WARNING * * *
The howler monkey zombie barely misses you.
You conjure some foxfire!
The foxfire hits the howler monkey zombie.
The foxfire hits the orc.
The orc misses you.
The white imp hits you but does no damage.
The howler monkey zombie hits you but does no damage.
You conjure some foxfire!
The foxfire hits the white imp.
The foxfire hits the howler monkey zombie.
The orc barely misses you.
The white imp hits you but does no damage.
The howler monkey zombie hits you but does no damage.
You conjure some foxfire!
The foxfire hits the white imp but does no damage.
The orc closely misses you. The white imp gestures at you.
The puff of frost hits you but does no damage.
The howler monkey zombie hits you.
* * * LOW HITPOINT WARNING * * *
You conjure some foxfire!
The foxfire hits the howler monkey zombie.
The foxfire hits the white imp.
The white imp is burned terribly!
The foxfire hits the howler monkey zombie.
The orc hits you with a +0 whip.
* * * LOW HITPOINT WARNING * * *
The white imp puffs mist at you.
The white imp hits you but does no damage.
The howler monkey zombie closely misses you.
Unknown command.
Unknown command.
You conjure some foxfire!
The foxfire hits the howler monkey zombie.
The foxfire hits the white imp but does no damage.
The orc hits you with a +0 whip.
* * * LOW HITPOINT WARNING * * *
The white imp misses you.
The howler monkey zombie hits you but does no damage.
The foxfire hits the howler monkey zombie.
The foxfire hits the white imp.
The orc throws a stone.
The stone hits you but does no damage.
You see here a stone.
The howler monkey zombie hits you.
* * * LOW HITPOINT WARNING * * *
The white imp gestures at you. The puff of frost hits you!
You die...

....# #.......#########.).##
....# ###..>.##...©...##...#
....######....#8.##.##.8#.#.#
.........#....#..##.##..#.#.#
.........#....#.........#...#
.........#...©#.†Z....._#©..#
....#....###..#.5o......#..##
....#....####.#..##.##..#.##
#####......##.#8@##.##.8#.#
.......###.##.##.......##.#
##########..#..#########..#
...## #.................##
##..####.......>.#####.###
##..)...........# ##.#
########.........####.>###
.........................##
...#####.........#######..#


You could see a white imp, an orc and a howler monkey zombie.

Vanquished Creatures
  Natasha (thrice) (D:2)
  2 orc wizards (D:2)
  2 adders (D:2)
  2 dart slugs (D:1)
  2 leopard geckos (D:2)
  3 orcs (D:2)
  7 giant cockroaches
  6 goblins
  8 hobgoblins
  5 jackals
  6 kobolds
  2 quokkas (D:2)
  2 ball pythons
  4 bats
  4 frilled lizards
  2 rats (D:1)
60 creatures vanquished.

Vanquished Creatures (others)
  156 foxfires
156 creatures vanquished.

Grand Total: 216 creatures vanquished

Notes
Turn   | Place    | Note
-------+----------+-------------------------------------------
     0 | D:1      | MalarOregon the Draconian Fire Elementalist began the quest
                  | for the Orb.
     0 | D:1      | Reached XP level 1. HP: 14/14 MP: 3/3
   142 | D:1      | Reached XP level 2. HP: 12/22 MP: 1/5
   614 | D:1      | Reached skill level 1 in Fighting
   769 | D:1      | Found a broken altar of Ashenzari.
   846 | D:1      | Reached XP level 3. HP: 27/28 MP: 4/6
  1279 | D:2      | Noticed Natasha
  1285 | D:2      | Killed Natasha
  1305 | D:2      | Reached XP level 4. HP: 35/35 MP: 2/7
  1359 | D:2      | Noticed Natasha
  1364 | D:2      | Killed Natasha
  1464 | D:2      | Noticed Natasha
  1467 | D:2      | Killed Natasha
  1573 | D:2      | Found a transporter.
  1574 | D:2      | Found a transporter.
  1884 | D:2      | Reached XP level 5. HP: 41/41 MP: 2/9
  2144 | D:2      | Found a broken altar of Ashenzari.
  2224 | D:2      | Found a sacrificial altar of Ru.
  2237 | D:2      | Reached skill level 4 in Fire Magic
  2447 | D:2      | Killed from afar by a white imp

Illustrated notes

Levels and vault maps discovered:
D:1:      shiori_arrival_elements, layout_basic, chequers_serial_rivers_large_a,
          ashenzari_altar_1
D:2:      layout_rooms, nicolae_ru_great_annihilating_truth,
          gammafunk_temple_overflow_arena, minmay_worlds_worst_comb,
          uniq_natasha

Skill      XL: |  1  2  3  4  5 |
---------------+----------------+-----
Dodging        | 2 |  2.0
Fighting       | 1 2 |  2.6
Conjurations   | 2 |  2.9
Spellcasting   | 3 |  3.1
Fire Magic     | 4 |  4.0
Stealth        | |  1.7

Action                   |  1- 3 |  4- 6 || total
-------------------------+-------+-------++-------
Melee: Unarmed           |     5 |       ||     5
       Short sword       |    48 |    30 ||    78
       Tailslap          |     1 |     3 ||     4
 Cast: Foxfire           |    26 |    67 ||    93
 Stab: Sleeping          |       |     1 ||     1
       Paralysed         |       |     1 ||     1
Armor: Skin              |    37 |    19 ||    56
Dodge: Dodged            |    49 |    37 ||    86

Table legend: (Time is in decaauts)
 A = Elapsed time spent in this place.
 B = Non-inter-level travel time spent in this place.
 C = Inter-level travel time spent in this place.
 D = Time resting spent in this place.
 E = Time spent auto-exploring this place.
 F = Levels seen in this place.
 G = Mean time per level.
                   A        B        C        D        E       F      G
               +--------+--------+--------+--------+--------+-----+--------+
         Total |   2460 |   2398 |     62 |    137 |   1861 |   2 | 1230.0 |
       Dungeon |   2460 |   2398 |     62 |    137 |   1861 |   2 | 1230.0 |
               +--------+--------+--------+--------+--------+-----+--------+

Top non-repeatable levels by time:
     D:1: 1246 daAuts
     D:2: 1213 daAuts
